 Dungeon Crawl Stone Soup version 0.28-a0-1594-ga885d4b3d6 (webtiles) character file.

Game seed: 7535955770275907713

23 issech the Skirmisher (level 2, 0/29 HPs)
             Began as a Troll Fighter on Jan 20, 2022.
             Slain by a goblin (1 damage)
             ... on level 2 of the Dungeon.
             The game lasted 00:02:14 (906 turns).

issech the Skirmisher (Troll Fighter)                Turns: 906, Time: 00:02:14

Health: 0/29       AC:  4    Str: 23    XL:     2   Next: 75%
Magic:  1/1        EV:  8    Int:  4    God:
Gold:   25         SH:  7    Dex:  9    Spells: 1/1 levels left

rFire   . . .      SeeInvis .   a - +0 flail
rCold   . . .      Faith    .   c - +0 kite shield
rNeg    . . .      Spirit   .   b - +0 robe
rPois   .          Reflect  .   (helmet restricted)
rElec   .          Harm     .   (no cloak)
rCorr   .          Rampage  .   (gloves unavailable)
Will    .....                   (boots unavailable)
Stlth   +.........              (no amulet)
HPRegen 0.89/turn               (no ring)
MPRegen 0.07/turn               (no ring)

@: no status effects
A: large, unfitting armour, claws 3, regeneration 1, shaggy fur 1, tough skin 1
a: no special abilities


You were on level 2 of the Dungeon.
You visited 1 branch of the dungeon, and saw 2 of its levels.

You collected 25 gold pieces.

Inventory:

Hand Weapons
 a - a +0 flail (weapon)
 i - a +0 whip
 j - a +2 vampiric dagger
 o - a +0 scimitar
Missiles
 e - 23 stones (quivered)
 g - 16 arrows
 l - 2 poisoned darts
Armour
 b - a +0 robe (worn)
 c - a +0 kite shield (worn)
Scrolls
 k - a scroll of vulnerability {unknown}
 n - a scroll of teleportation {unknown}
Potions
 d - a potion of might
 f - a potion of haste {unknown}
 h - a potion of curing {unknown}
 m - a potion of mutation {unknown}


   Skills:
 + Level 2.7 Fighting
 + Level 2.1 Maces & Flails
 + Level 2.6 Dodging
 + Level 2.6 Shields


You had one spell level left.
You didn't know any spells.
Your spell library was empty.

Dungeon Overview and Level Annotations

Branches:
Dungeon (2/15)

Altars:

Annotations:
D:2 Sigmund


Innate Abilities, Weirdness & Mutations

You are too large for most types of armour.
You have claws for hands.
Your natural rate of healing is unusually fast.
You are covered in fur. (AC +1)
You have tough skin. (AC +1)


Message History

Sigmund mumbles some strange words.
Sigmund flickers and vanishes!
Deactivating autopickup; reactivate with Ctrl-A.
You see here 7 gold pieces.
A goblin comes into view. It is wielding a +0 dagger.
You see here 7 gold pieces.
Something hits you. Something hits you.
Found a stone staircase leading down.
Something hits you. The dart slug launches a dart at you.
The slug dart misses you. You block something's attack.
You hit the goblin.
You kill the goblin!
You block something's attack.
You hit the dart slug.
The dart slug is lightly wounded.
The dart slug barely misses you.
You hit the dart slug but do no damage.
The dart slug is lightly wounded.
Something hits you.
The dart slug bites you but does no damage.
You hit the dart slug.
The dart slug is lightly wounded.
Something hits you! The dart slug barely misses you.
You sock the dart slug!
You kill the dart slug!
You block something's attack.
A goblin comes into view. It is wielding a +0 dagger.
You block something's attack.
Things that are here:
a +0 dagger; a dart slug corpse; a goblin corpse Something hits you.
You miss something. Something hits you but does no damage.
You barely miss something. Something hits you!
You miss something. You miss something. Something hits you!
* * * LOW HITPOINT WARNING * * *
The goblin hits you with a +0 dagger.
You die...

###.#...##....
#............
#........#..# #
>....#.....# .#
######....!....#..#
#.................
##..........# #
#.......@g..##...
#....$.{.........
#...............#
#.............###
#............##
#...........##
#...........#
#....<......#
#....†.....##


You could see a goblin.

Vanquished Creatures
  2 dart slugs
  A ball python (D:1)
  4 endoplasms (D:1)
  3 giant cockroaches
  2 goblins
  A quokka (D:2)
  A bat (D:1)
  3 frilled lizards (D:1)
  A kobold (D:1)
18 creatures vanquished.

Notes
Turn   | Place    | Note
-------+----------+-------------------------------------------
     0 | D:1      | issech the Troll Fighter began the quest for the Orb.
     0 | D:1      | Reached XP level 1. HP: 22/22 MP: 0/0
    89 | D:1      | Found a faded altar of an unknown god.
   210 | D:1      | Reached XP level 2. HP: 29/29 MP: 1/1
   885 | D:2      | Noticed Sigmund
   906 | D:2      | HP: 1/29 [something (12)]
   906 | D:2      | Slain by a goblin

Illustrated notes

Levels and vault maps discovered:
D:1:      dpeg_arrival_circle_labyrinth_b, layout_loops_ring,
          ebering_ecumenical_altar_sacrificial, kennysheep_small_spiral
D:2:      layout_rooms, hangedman_decor_growths, hex_tiny, uniq_sigmund

Skill      XL: |  1  2 |
---------------+-------+-----
Maces & Flails | 2 |  2.1
Fighting       | |  2.7
Dodging        | |  2.6
Shields        | |  2.6

Action                   || total
-------------------------++-------
Melee: Flail             ||    52
Armor: Robe              ||    22
Dodge: Dodged            ||    31
Block: Kite shield       ||    30

Table legend: (Time is in decaauts)
 A = Elapsed time spent in this place.
 B = Non-inter-level travel time spent in this place.
 C = Inter-level travel time spent in this place.
 D = Time resting spent in this place.
 E = Time spent auto-exploring this place.
 F = Levels seen in this place.
 G = Mean time per level.
                   A        B        C        D        E       F      G
               +--------+--------+--------+--------+--------+-----+--------+
         Total |    928 |    866 |     62 |      0 |    579 |   2 |  464.0 |
       Dungeon |    928 |    866 |     62 |      0 |    579 |   2 |  464.0 |
               +--------+--------+--------+--------+--------+-----+--------+

Top non-repeatable levels by time:
     D:1: 890 daAuts
     D:2: 38 daAuts
